 Dungeon Crawl Stone Soup version 0.30.1-9-gdf580d7c3d (webtiles) character file.

Game seed: 7766924359477531690

2480 booth the Cleaver (level 9, -3/81 HPs)
             Began as a Hill Orc Monk on Oct 4, 2023.
             Slain by a yak (13 damage)
             ... on level 7 of the Dungeon.
             The game lasted 00:35:08 (7753 turns).

booth the Cleaver (Hill Orc Monk)                   Turns: 7753, Time: 00:35:08

Health: -3/81      AC:  8    Str: 18    XL:     9   Next: 51%
Magic:  9/9        EV: 12    Int: 10    God:
Gold:   338        SH:  0    Dex: 13    Spells: 8/8 levels left

rFire   . . .        z - +3 hand axe
rCold   + . .        (no shield)
rNeg    . . .        w - +0 ring mail {rC+}
rPois   .            (no helmet)
rElec   .            g - +0 cloak
rCorr   .            (no gloves)
SInv    .            y - +1 pair of boots
Will    .....        (no amulet)
Stlth   +            (no ring)
HPRegen 0.33/turn    (no ring)
MPRegen 0.11/turn

%: no passive effects
@: no status effects
A: no striking features
a: no special abilities


You were on level 7 of the Dungeon.
You visited 1 branch of the dungeon, and saw 7 of its levels.

You collected 338 gold pieces.

Inventory:

Hand Weapons
 h - a +0 war axe
 z - a +3 hand axe (weapon)
Missiles
 j - 7 boomerangs (quivered)
 n - 3 poisoned darts
 o - 8 curare-tipped darts
Armour
 d - an orb of light
 g - a +0 cloak (worn)
 k - a +0 leather armour
 w - a +0 ring mail of cold resistance (worn)
 y - a +1 pair of boots (worn)
Jewellery
 f - a ring of fire
Wands
 l - a wand of flame (10)
 q - a wand of polymorph (10)
 A - a wand of digging (7)
Scrolls
 a - a scroll of torment
 i - a scroll of identify
 m - a scroll of amnesia
 t - a scroll of fog
Potions
 b - 2 potions of attraction
 c - 2 potions of ambrosia
 e - 3 potions of mutation
 p - a potion of flight
 s - a potion of brilliance


   Skills:
 + Level 7.8 Fighting
 * Level 11.3 Axes
 + Level 4.2 Throwing
 + Level 5.4 Dodging


You had 8 spell levels left.
You didn't know any spells.
Your spell library contained the following spells:

 Spells                   Type           Power      Damage    Failure   Level
 Sublimation of Blood     Necr           0%         N/A       71%         2
 Wereblood                Tmut           0%         N/A       71%         2
 Gell's Gravitas          Tloc           0%         N/A       90%         3
 Teleport Other           Tloc           0%         N/A       90%         3
 Dispersal                Tloc           0%         N/A       100%        6
 Summon Hydra             Summ           0%         N/A       100%        7


Dungeon Overview and Level Annotations

Branches:
Dungeon (7/15)
 Temple: D:4-7

Altars:
Wu Jian

Shops:
D:1 [


Message History

You hit the yak.
The yak is moderately wounded.
You barely miss the yak. You hit the bullfrog.
You closely miss the gnoll bouda.
Your surroundings suddenly seem different.
A kobold brigand, 5 kobolds and a black bear come into view.
The kobold brigand is wielding a +0 club and quivering poisoned darts.
Found 6 gold pieces, a stone and 2 black potions.
The kobold shouts! x4; The black bear growls angrily.
A kobold comes into view. It is wielding a +0 short sword.
The kobold shouts!
The kobold throws a stone.
The stone hits you but does no damage.
Okay, then.
You feel better. The kobold hits you but does no damage.
You hit the kobold.
You kill the kobold!
Your attacks no longer feel as feeble.
The kobold throws a stone.
The stone barely misses you.
You slash the black bear!
The black bear is moderately wounded.
You slash the black bear!
The black bear is heavily wounded.
The black bear bites you.
* * * LOW HITPOINT WARNING * * *
The black bear claws you but does no damage.
The black bear closely misses you.
Blink to where?
Press: ? - help, Dir - move target
Found an escape hatch in the floor.
As you read the scroll of blinking, it crumbles to dust.
The yak bellows! x2
Found a wand of flame (6).
The yak attacks as you move away! The yak gores you.
* * * LOW HITPOINT WARNING * * *
The bullfrog gives a loud, deep croak!
The yak attacks as you move away! The yak gores you!
* * * LOW HITPOINT WARNING * * *
The bullfrog snags a nearby blue-tailed skink with its tongue.
The yak attacks as you move away! The yak gores you!
You die...

#........ . #..#####.
##..#..# ##...#..#
#....#/.#
##...#..####
#...........
#>....###########.
#......FYY@.......
#....###########..
#+##....##........#
##†......##.###..#.#
#........##.#<#..#.#
#..(.....##.#.#..#.#
#........##.#.#..###
#...........#.#..# #
#############.#..#≈##


You could see 2 yaks and a bullfrog.

Vanquished Creatures
  A hornet (D:4)
  Sigmund (D:2)
  Eustachio (D:5)
  A steam dragon (D:6)
  2 water moccasins
  Pargi (D:3)
  3 black bears (D:6)
  An ice beast (D:5)
  2 phantoms
  A bullfrog (D:7)
  2 scorpions
  2 howler monkeys
  6 hounds
  Jessica (D:2)
  3 iguanas
  Ijyb (D:3)
  4 orc wizards
  A sleepcap (D:6)
  A mummy (D:6)
  8 gnolls (D:4)
  13 adders
  2 shadow imps (D:6)
  A white imp (D:5)
  An ufetubus (D:6)
  4 worms
  2 dart slugs (D:3)
  17 orcs
  5 bats
  4 endoplasms
  3 giant cockroaches (D:2)
  9 goblins
  6 hobgoblins
  5 kobolds
  2 quokkas
  6 ball pythons
  A frilled lizard (D:2)
  A hobgoblin zombie (D:6)
  A kobold zombie (D:6)
  2 orc zombies (D:6)
  4 rats
132 creatures vanquished.

Notes
Turn   | Place    | Note
-------+----------+-------------------------------------------
     0 | D:1      | booth the Hill Orc Monk began the quest for the Orb.
     0 | D:1      | Reached XP level 1. HP: 19/19 MP: 1/1
   345 | D:1      | Reached XP level 2. HP: 27/27 MP: 2/2
   712 | D:1      | Found Xueselusm's Armour Shoppe.
  1099 | D:2      | Found a faded altar of an unknown god.
  1337 | D:2      | Noticed Jessica
  1344 | D:2      | Killed Jessica
  1345 | D:2      | Reached skill level 5 in Axes
  1345 | D:2      | Reached XP level 3. HP: 32/33 MP: 3/3
  1532 | D:2      | Reached XP level 4. HP: 35/40 MP: 4/4
  1816 | D:2      | Noticed Sigmund
  1841 | D:2      | Killed Sigmund
  1842 | D:2      | Reached skill level 5 in Fighting
  1842 | D:2      | Reached skill level 6 in Axes
  1842 | D:2      | Reached XP level 5. HP: 27/48 MP: 5/5
  1842 | D:2      | Reached XP level 6. HP: 32/56 MP: 6/6
  2168 | D:3      | Noticed Pargi
  2169 | D:3      | Noticed Ijyb
  2184 | D:3      | Killed Pargi
  2185 | D:3      | Reached skill level 7 in Axes
  2192 | D:3      | Killed Ijyb
  2353 | D:3      | Reached skill level 1 in Throwing
  2591 | D:3      | Found an ornate altar of the Wu Jian Council.
  3258 | D:4      | Reached XP level 7. HP: 27/61 MP: 7/7
  3509 | D:4      | Noticed a hornet
  3520 | D:4      | Paralysed by a hornet for 2 turns
  3544 | D:4      | Killed a hornet
  3545 | D:4      | Reached skill level 8 in Axes
  3874 | D:4      | Reached XP level 8. HP: 58/70 MP: 8/8
  4775 | D:4      | Reached skill level 9 in Axes
  4876 | D:5      | Entered Level 5 of the Dungeon
  5138 | D:5      | HP: 1/71 [poisoned by a water moccasin]
  5435 | D:5      | Noticed Eustachio
  5457 | D:5      | Killed Eustachio
  5458 | D:5      | Reached skill level 10 in Axes
  5771 | D:5      | Reached XP level 9. HP: 32/79 MP: 9/9
  6160 | D:6      | Reached skill level 5 in Dodging
  6617 | D:6      | Reached skill level 11 in Axes
  7753 | D:7      | Slain by a yak

Illustrated notes

Levels and vault maps discovered:
D:1:      dpeg_arrival_pond, layout_loops_corners, serial_shops, shop
D:2:      layout_basic, hellmonk_ecumenical_altar_pennies_from_heaven,
          kennysheep_flooded_box, uniq_sigmund, uniq_jessica
D:3:      layout_loops_ring, nicolae_wu_jian_immortal_techniques, serial_glass,
          glass_columns_a, glass_columns_c, glass_columns_b, glass_columns_b,
          glass_columns_a, glass_columns_b, glass_columns_b, glass_columns_b,
          nicolae_wormholes, uniq_ijyb, uniq_pargi
D:4:      dreamdust_elfheim, layout_gridville
D:5:      layout_cave_pools, kennysheep_small_square, uniq_eustachio
D:6:      layout_cave_pods, chequers_serial_rivers_small_b, minmay_mini_ossuary
D:7:      layout_basic, minmay_temple_entry_proselytizer, enter_bailey_4,
          serial_aquarium, aquarium_bridge_long_joined
          [aquarium_subvault_window, aquarium_subvault_bridge,
          aquarium_subvault_wall, aquarium_subvault_wall,
          aquarium_subvault_wall, aquarium_subvault_window],
          aquarium_bridge_square [aquarium_subvault_wall,
          aquarium_subvault_bridge, aquarium_subvault_window,
          aquarium_subvault_bridge], aquarium_window_2, aquarium_window_fake,
          aquarium_window_1, aquarium_window_1, aquarium_view_2b,
          aquarium_view_4, aquarium_pool_corner, dreamdust_gnoll_shepherd,
          uniq_menkaure

Skill      XL: |  1  2  3  4  5  6  7  8  9 |
---------------+----------------------------+-----
Fighting       | 4 5 6 7 |  7.8
Axes           | 5 6 7 8 10 11 | 11.3
Dodging        | 3 4 5 |  5.4
Throwing       | 1 2 3 4 |  4.2

Action                     |  1- 3 |  4- 6 |  7- 9 || total
---------------------------+-------+-------+-------++-------
  Melee: Hand axe          |    63 |   114 |   338 ||   515
         Punch             |       |       |     2 ||     2
  Throw: Dart              |       |     8 |    16 ||    24
         Boomerang         |       |       |    10 ||    10
    Use: Scroll            |     3 |     3 |    12 ||    18
         Potion            |       |     3 |    10 ||    13
 Armour: Leather armour    |    11 |    23 |     8 ||    42
         Robe              |     1 |       |       ||     1
         Ring mail         |       |       |   111 ||   111
  Dodge: Dodged            |    34 |    57 |   181 ||   272
